AoeStats
← распродаж

Lombardia

507702532Analyzed
4v4 RM · 14d ago on Sep 19, 2026· 27m 6s· 8 players
Game mode
Random Map
Map size
Large (8 player)
Population
200
Speed
Normal
Resources
Standard
Victory
Conquest
Starting age
Dark Age
Ending age
Imperial Age
RankedLock teamsTeams togetherTeam positionsShared explorationLock speedFull tech treeHidden civsTurbo modeCheats
Victory
Defeat
🇭🇰 Malay · Hong Kong SAR China
1832
+5
🇻🇳 Bulgarians · Vietnam
1697
+9
🇧🇷 Lithuanians · Brazil
1643
+11
🇹🇼 Georgians · Taiwan
1539
+15
🇺🇸 Turks · United States
1574
-11
🇹🇷 Maya · Türkiye
1534
-10
🇭🇰 Spanish · Hong Kong SAR China
1527
-10
1522
-9
Sorrateiro
6:07 Loom
8:31 Feudal Age
11:27 Double-Bit Axe
11:22 Horse Collar
11:59 Town Watch
14:07 Forging
15:22 Wheelbarrow
15:45 Scale Barding Armor
18:33 Bloodlines
22:01 Castle Age
20:52 Gold Mining
21:03 Stone Mining
22:46 Husbandry
23:41 Bow Saw
T
6:45 Loom
10:47 Feudal Age
10:51 Double-Bit Axe
13:38 Town Watch
13:58 Fletching
18:19 Wheelbarrow
23:26 Castle Age
21:22 Gold Mining
21:53 Horse Collar
22:59 Bodkin Arrow
22:41 Crossbowman
24:46 Ballistics
26:48 Bow Saw
26:50 Padded Archer Armor
27:51 Thumb Ring
Đà Lạt
3:06 Loom
11:52 Feudal Age
16:20 Castle Age
15:49 Fletching
15:45 Double-Bit Axe
17:28 Bodkin Arrow
21:59 Ballistics
23:14 Padded Archer Armor
24:37 Bloodlines
24:27 Husbandry
26:31 Leather Archer Armor
yclin124
10:25 Feudal Age
12:30 Wheelbarrow
11:44 Loom
12:12 Double-Bit Axe
12:10 Horse Collar
16:24 Wheelbarrow
21:08 Castle Age
19:42 Forging
20:00 Gold Mining
20:40 Scale Barding Armor
21:32 Bloodlines
21:51 Husbandry
23:13 Bow Saw
22:54 Stone Mining
[DOV] The_GothFather
5:57 Loom
8:44 Feudal Age
8:06 Loom
9:55 Double-Bit Axe
9:51 Horse Collar
21:37 Wheelbarrow
26:41 Castle Age
25:51 Scale Barding Armor
安师大高级王罗宇晨
11:07 Feudal Age
10:20 Loom
11:47 Double-Bit Axe
16:50 Castle Age
18:35 Scale Barding Armor
18:33 Husbandry
24:25 Chain Barding Armor
25:29 Horse Collar
27:06 Wheelbarrow
ValerioN__
0:27 Loom
10:12 Feudal Age
14:08 Castle Age
12:34 Double-Bit Axe
12:30 Horse Collar
15:37 Bow Saw
23:08 Wheelbarrow
25:40 Fletching
распродаж
9:41 Feudal Age
7:59 Loom
10:32 Double-Bit Axe
19:06 Castle Age
17:27 Horse Collar
18:13 Gold Mining
19:45 Padded Archer Armor
19:37 Light Cavalry
20:28 Bloodlines
20:18 Husbandry
26:46 Husbandry
Connection lost

Rejoining the realm…

Still unreachable

The connection could not be restored.

Session expired

The server has moved on; the page needs a fresh start.